 Dungeon Crawl Stone Soup version bcrawl-1.12.2 (webtiles) character file.

Game seed: 12160175059463000784

197 RedPan the Insei (level 5, 0/40 HPs)
             Began as a Draconian Transmuter on July 23, 2019.
             Slain by an ice beast (12 damage)
             ... on level 3 of the Dungeon.
             The game lasted 00:07:43 (3055 turns).

RedPan the Insei (Draconian Transmuter)             Turns: 3055, Time: 00:07:43

Health: 0/40       AC:  2    Str: 12    XL:     5   Next: 46%
Magic:  0/9        EV: 19    Int: 14    God:
Gold:   174        SH:  0    Dex: 17    Spells: 4/10 levels left

rFire    . . .     SeeInvis .     - Unarmed
rCold    . . .     Gourm    .   (shield currently unavailable)
rNeg     . . .     Faith    .   (armour unavailable)
rPois    x         Spirit   .   (helmet currently unavailable)
rElec    .         Reflect  .   (cloak currently unavailable)
rCorr    .         Harm     .   (gloves currently unavailable)
MR       +....                  (boots currently unavailable)
Stlth    ++........             (no amulet)
HPRegen  0.13/turn              (no ring)
MPRegen  0.11/turn              (no ring)

@: spider-form
A: tiny, unfitting armour, magic resistance 1, mutation resistance 1, AC +5
a: End Transformation


You were on level 3 of the Dungeon.
You were hungry.
You were a venomous arachnid creature.
You visited 1 branch of the dungeon, and saw 3 of its levels.

You collected 174 gold pieces.

Inventory:

Missiles
 a - 230 arrows
Scrolls
 f - a scroll of teleportation
 h - a scroll of identify
Potions
 c - 2 potions of lignification
 e - a potion of cancellation {unknown}
 g - a potion of heal wounds {unknown}
 l - 2 potions of mutation
 m - a potion of might {unknown}
Comestibles
 b - a chunk of flesh
 d - 4 rations {!d}


   Skills:
 - Level 1.1 Fighting
 - Level 1.7 Dodging
 + Level 4.3 Unarmed Combat
 - Level 3.0 Spellcasting
 + Level 3.6 Transmutations
 + Level 1.6 Poison Magic


You had 4 spell levels left.
You knew the following spells:

 Your Spells              Type           Power        Failure   Level  Hunger
a - Beastly Appendage     Tmut           ##....       14%         1    #......
b - Sticks to Snakes      Tmut           ##......     21%         2    ##.....
c - Spider Form           Tmut/Pois      #..          43%         3    ###....

Your spell library contained the following spells:

 Spells                   Type           Power        Failure   Level  Hunger
 Ice Form                 Ice/Tmut       #.......     87%         4    #####..
 Blade Hands              Tmut           ##........   92%         5    ######.


Dungeon Overview and Level Annotations

Branches:
Dungeon (3/12)

Altars:


Innate Abilities, Weirdness & Mutations

((Your plain brown scales are hard. (AC +5)))
You cannot fit into any form of body armour.
((You are cold-blooded and may be slowed by cold attacks.))
You are resistant to hostile enchantments. (MR+)
You are somewhat resistant to further mutation.


Message History

The ice beast misses you.
You hit the ice beast but do no damage.
The ice beast is lightly wounded.
Your ball python bites the ice beast but does no damage.
Your ball python barely misses the ice beast.
Your ball python closely misses the ice beast.
The orc completely misses you. The ice beast hits you.
The ice beast freezes you!
You hit the ice beast.
The ice beast is lightly wounded.
Your ball python bites the ice beast but does no damage.
Your ball python closely misses the ice beast.
Your ball python barely misses the ice beast. x2
You hit the ice beast.
The ice beast is moderately wounded.
Your ball python misses the ice beast.
The orc completely misses you. The ice beast hits you.
* * * LOW HITPOINT WARNING * * *
The ice beast freezes you!
You die...

## ##### ... ##...##
.... ##.....## #
..... #.......# #
......#..SoS..#######
######
.......)g.Ys.........
......
......##...S.########
###### .....
##.....## # ....
#.......##### # ..o
#.....).....# ## ##
#...........# ## #.
##......รท...# #.#
###. ##...#.#.#### ..
#... ##>##.#....# #.
#.#.


You could see an ice beast, an orc, a hobgoblin and 3 friendly ball pythons.

Vanquished Creatures
  An orc priest (D:2)
  An orc wizard (D:2)
  A killer bee zombie (D:3)
  3 adders
  2 oozes (D:2)
  3 worms
  A leopard gecko (D:1)
  10 orcs
  4 bats
  4 giant cockroaches
  3 goblins
  7 hobgoblins
  5 jackals (D:2)
  2 quokkas
  3 frilled lizards
  8 kobolds
  4 rats
62 creatures vanquished.

Vanquished Creatures (collateral kills)
  An adder (D:3)
1 creature vanquished.

Grand Total: 63 creatures vanquished

Notes
Turn   | Place    | Note
-------+----------+-------------------------------------------
     0 | D:1      | RedPan the Draconian Transmuter began the quest for the
                  | Orb.
     0 | D:1      | Reached XP level 1. HP: 16/16 MP: 3/3
   203 | D:1      | Reached XP level 2. HP: 17/23 MP: 3/5
   387 | D:1      | Learned a level 2 spell: Sticks to Snakes
   753 | D:2      | Gained mutation: You are resistant to hostile enchantments.
                  | (MR+) [potion of mutation]
   753 | D:2      | Gained mutation: You are somewhat resistant to further
                  | mutation. [potion of mutation]
  1039 | D:2      | Reached XP level 3. HP: 28/28 MP: 4/6
  1056 | D:2      | Learned a level 3 spell: Spider Form
  1746 | D:2      | Reached XP level 4. HP: 17/35 MP: 8/8
  2495 | D:2      | Reached skill level 4 in Unarmed Combat
  2495 | D:2      | Reached skill level 1 in Poison Magic
  2495 | D:2      | Reached XP level 5. HP: 40/40 MP: 6/9
  3043 | D:3      | Noticed an ice beast
  3055 | D:3      | Slain by an ice beast

Skill      XL: |  1  2  3  4 |
---------------+-------------+-----
Transmutations | 3 |  3.6
Spellcasting   | 3 |  3.0
Unarmed Combat | 4 |  4.3
Poison Magic   | 1 |  1.6
Fighting       | |  1.1
Dodging        | |  1.7

Action                   |  1- 3 |  4- 6 || total
-------------------------+-------+-------++-------
Melee: Unarmed           |   145 |    86 ||   231
       Kick              |    10 |       ||    10
       Headbutt          |     5 |     3 ||     8
       Tailslap          |    10 |     5 ||    15
       Punch             |     2 |       ||     2
 Cast: Beastly Appendage |    12 |     3 ||    15
       Spider Form       |       |     6 ||     6
       Sticks to Snakes  |       |     7 ||     7
  Use: Scroll            |     6 |       ||     6
       Potion            |     1 |     1 ||     2
 Stab: Sleeping          |     1 |       ||     1
  Eat: Chunk             |     3 |     5 ||     8
Armor: Skin              |    61 |    10 ||    71
Dodge: Dodged            |   117 |    58 ||   175
